 Dungeon Crawl Stone Soup version 0.29.1-12-g30fa7ad0bf (webtiles) character file.

Game seed: 5648075283679291066

1757 Rrauwl the Protected (level 9, 0/68 HPs)
             Began as a Barachi Fighter on Dec 23, 2022.
             Killed by nerve-wracking pain
             ... invoked by an orc priest
              (9 damage)
             ... on level 6 of the Dungeon.
             The game lasted 00:13:42 (6185 turns).

Rrauwl the Protected (Barachi Fighter)              Turns: 6185, Time: 00:13:42

Health: 0/68       AC: 23    Str: 22    XL:     9   Next: 6%
Magic:  9/9        EV:  3    Int:  9    God:
Gold:   294        SH: 11    Dex: 17    Spells: 8/8 levels left

rFire   . . .      SeeInvis .   a - +0 long sword
rCold   . . .      Faith    .   u - +0 kite shield
rNeg    . . .      Spirit   .   k - +2 crystal plate armour
rPois   .          Reflect  .   (no helmet)
rElec   .          Harm     .   r - +0 cloak
rCorr   .          Rampage  .   l - +0 pair of gloves
Will    .....                   (no boots)
Stlth   ..........              (no amulet)
HPRegen 0.21/turn               n - +6 ring of dexterity
MPRegen 0.11/turn               (no ring)

@: slow
A: amphibious, slowness 1, strong legs 1, +LOS
a: Hop


You were on level 6 of the Dungeon.
You visited 1 branch of the dungeon, and saw 6 of its levels.
You also visited: Sewer.

You collected 294 gold pieces.

Inventory:

Hand Weapons
 a - a +0 long sword (weapon)
 t - a +2 whip of freezing
Armour
 k - a +2 crystal plate armour (worn)
 l - a +0 pair of gloves (worn)
 r - a +0 cloak (worn)
 u - a +0 kite shield (worn)
 w - a +1 robe of the Archmagi
Jewellery
 g - a ring of flight
 h - a ring of protection from fire
 n - a +6 ring of dexterity (left hand)
 x - a ring of ice
Scrolls
 c - a scroll of butterflies
 e - 2 scrolls of blinking
 f - 8 scrolls of identify
 m - a scroll of enchant armour
 o - a scroll of teleportation
 p - a scroll of fear
 q - a scroll of summoning
 s - a scroll of poison
 v - a scroll of vulnerability
Potions
 b - a potion of curing
 i - a potion of flight
 j - 2 potions of attraction


   Skills:
 - Level 5.0 Fighting
 + Level 8.0 Long Blades
 + Level 8.2 Armour
 - Level 1.0 Dodging
 + Level 7.7 Shields


You had 8 spell levels left.
You didn't know any spells.
Your spell library contained the following spells:

 Spells                   Type           Power      Damage    Failure   Level
 Freeze                   Ice            0%         1d3       100%        1
 Magic Dart               Conj           0%         1d3       100%        1
 Ensorcelled Hibernation  Hex/Ice        0%         N/A       100%        2
 Searing Ray              Conj           0%         2d4       100%        2
 Frozen Ramparts          Ice            0%         1d1       100%        3
 Gell's Gravitas          Tloc           0%         N/A       100%        3
 Lesser Beckoning         Tloc           0%         N/A       100%        3
 Spider Form              Tmut/Pois      0%         N/A       100%        3
 Teleport Other           Tloc           0%         N/A       100%        3
 Anguish                  Hex/Necr       0%         N/A       100%        4
 Fulminant Prism          Conj/Hex       0%         3d6       100%        4
 Hailstorm                Conj/Ice       0%         3d3       100%        4


Dungeon Overview and Level Annotations

Branches:
Dungeon (6/15)              Sewer (visited)
 Temple: D:4-7

Altars:
Hepliaklqana
Nemelex Xobeh


Innate Abilities, Weirdness & Mutations

You are amphibious.
You cover ground slowly.
You can hop short distances.
You have an extended range of vision and can be seen from far away.


Message History

The orc warrior is moderately wounded.
You block the orc warrior's attack.
You hit the orc warrior but do no damage.
The orc warrior is moderately wounded.
The orc warrior hits you with a +0 hand axe.
You slash the orc warrior!
The orc warrior is severely wounded.
The orc warrior hits you with a +0 hand axe.
You hit the orc warrior.
The orc warrior is severely wounded.
The orc warrior hits you with a +0 hand axe.
You closely miss the orc warrior.
The orc warrior is severely wounded.
The orc warrior hits you with a +0 hand axe!
You hit the orc warrior but do no damage.
The orc warrior is severely wounded.
The orc warrior hits you with a +0 hand axe!
* * * LOW HITPOINT WARNING * * *
You block the orc warrior's attack.
You hit the orc warrior but do no damage.
The orc warrior is severely wounded.
The orc warrior hits you but does no damage.
You hit the orc warrior but do no damage.
The orc warrior is severely wounded.
The orc warrior hits you but does no damage.
You slash the orc warrior!
You kill the orc warrior!
Your Long Blades skill increases to level 8!
The orc priest hits you but does no damage.
Items here: ))) [ †.
You barely miss the orc priest.
The orc priest is lightly wounded.
The orc priest mumbles some strange prayers to Beogh against you.
Beogh smites you!
* * * LOW HITPOINT WARNING * * *
Unknown command.
You feel better.
The orc priest calls down the wrath of Beogh upon you.
Pain shoots through your body!
You die...

.....).oog....+.......# #
......)og.....#######.######## #
......o.o..†.oog.g.....)....># #
..........§...#######.##.###.####
..............#######g#.))#......
...########...##...g..#...#..####
... #...##.######...#..# ..
#...##o# #...#..# # ######@#
#.###..# ####### #.# #.#.#.†####
......# #.# #...#...... ....#.#
#.########)#....#. ....#.#
#........#.##...#. ....#.#
##############.#......#. #...#<#
#...........##.#..#.....
#.########...........##.#..#.....
#....)...'...........+.........##


You could see an orc priest.

Vanquished Creatures
  Pikel (D:5)
  3 orc warriors (D:6)
  An ice beast (D:6)
  2 kobold brigands (Sewer)
  A scorpion (D:6)
  2 hounds
  A jelly (D:6)
  5 orc priests
  An iguana (D:4)
  2 orc wizards (D:6)
  5 gnolls
  12 adders
  5 river rats
  2 worms
  A dart slug (D:5)
  17 orcs
  4 endoplasms
  4 giant cockroaches
  5 goblins
  7 hobgoblins
  9 jackals
  5 quokkas
  11 ball pythons
  5 bats
  8 frilled lizards
  11 kobolds
  19 rats
149 creatures vanquished.

Vanquished Creatures (collateral kills)
  An orc priest (D:6)
  2 gnolls (D:6)
3 creatures vanquished.

Vanquished Creatures (others)
  An orc wizard (D:6)
  4 plants (Sewer)
5 creatures vanquished.

Grand Total: 157 creatures vanquished

Notes
Turn   | Place    | Note
-------+----------+-------------------------------------------
     0 | D:1      | Rrauwl the Barachi Fighter began the quest for the Orb.
     0 | D:1      | Reached XP level 1. HP: 18/18 MP: 1/1
   143 | D:1      | Reached XP level 2. HP: 25/25 MP: 2/2
   340 | D:1      | Found a faded altar of an unknown god.
   705 | D:1      | Reached XP level 3. HP: 21/30 MP: 3/3
  1726 | D:3      | Reached XP level 4. HP: 24/37 MP: 4/4
  1777 | D:3      | Identified the +3 leather armour of the Eleven Knives
                  | {Str+5 Int+5 Dex-4}
  2298 | D:3      | Found a sparkling altar of Nemelex Xobeh.
  2880 | D:4      | Reached skill level 1 in Dodging
  2905 | D:4      | Reached XP level 5. HP: 43/43 MP: 5/5
  2912 | D:4      | Found a glowing drain.
  2924 | Sewer    | Entered a sewer
  3082 | Sewer    | Noticed a kobold brigand
  3092 | Sewer    | Killed a kobold brigand
  3093 | Sewer    | Reached XP level 6. HP: 50/50 MP: 6/6
  3159 | Sewer    | Reached skill level 5 in Fighting
  3224 | Sewer    | Reached skill level 5 in Armour
  3371 | Sewer    | Reached skill level 5 in Shields
  4238 | D:5      | Entered Level 5 of the Dungeon
  4309 | D:5      | Reached skill level 5 in Long Blades
  4330 | D:5      | Reached XP level 7. HP: 54/56 MP: 7/7
  4340 | D:5      | Found a hazy altar of Hepliaklqana.
  4773 | D:5      | Noticed Pikel
  4790 | D:5      | Killed Pikel
  4791 | D:5      | Reached XP level 8. HP: 50/62 MP: 8/8
  5253 | D:6      | Identified the +1 robe of Hysteria {Rampage *Slow Int-2
                  | SInv}
  6168 | D:6      | Reached XP level 9. HP: 35/68 MP: 9/9
  6184 | D:6      | HP: 1/68 [orc priest/divine providence (13)]
  6185 | D:6      | Killed from afar by an orc priest

Illustrated notes

Levels and vault maps discovered:
D:1:      dpeg_arrival_short_road, layout_loops_ring,
          dreamdust_ecumenical_altar_grove, minmay_rat_gold_closets
D:2:      layout_rooms
D:3:      layout_rooms, nemelex_altar_shiori, chequers_jeans,
          wander_ebering_terrifying_dragon_lair
D:4:      layout_basic, gup_sewer_entry_bubbles
D:5:      layout_basic, worldfamousw_hep_ancestral_shrine,
          kennysheep_generic_room_8, uniq_pikel
D:6:      layout_basic, lemuel_zombie_altar_kikubaaqudgha

Skill      XL: |  1  2  3  4  5  6  7  8  9 |
---------------+----------------------------+-----
Fighting       | 4 5 |  5.0
Armour         | 4 5 6 8 |  8.2
Long Blades    | 3 4 5 6 7 8 |  8.0
Shields        | 4 5 6 7 |  7.7
Dodging        | 1 |  1.0

Action                   |  1- 3 |  4- 6 |  7- 9 || total
-------------------------+-------+-------+-------++-------
Melee: Long sword        |   147 |   248 |   221 ||   616
 Abil: Hop               |     1 |       |       ||     1
  Use: Scroll            |     7 |     6 |     3 ||    16
       Potion            |     7 |     3 |     5 ||    15
 Stab: Invisible         |       |     2 |       ||     2
Armor: Scale mail        |    63 |       |       ||    63
       Crystal plate arm |    18 |   180 |   146 ||   344
Dodge: Dodged            |    69 |    19 |    13 ||   101
Block: Buckler           |    49 |    63 |       ||   112
       Kite shield       |       |       |   101 ||   101
